AoeStats
← XultrAslan58

Black Forest

507285803Analyzed
4v4 RM · 14d ago on Sep 17, 2026· 40m 44s· 8 players
Game mode
Random Map
Map size
Large (8 player)
Population
200
Speed
Normal
Resources
Standard
Victory
Conquest
Starting age
Dark Age
Ending age
Imperial Age
RankedLock teamsTeams togetherTeam positionsShared explorationLock speedFull tech treeHidden civsTurbo modeCheats
Victory
Defeat
🇳🇱 Franks · Netherlands
954
+16
🇪🇸 Slavs · Spain
948
+16
🇩🇪 Khmer · Germany
915
+17
🇩🇪 Malay · Germany
914
+17
🇨🇱 Vietnamese · Chile
991
-19
🇪🇸 Spanish · Spain
967
-18
🇵🇪 Persians · Peru
940
-16
🇩🇪 Portuguese · Germany
867
-13
xZeyyy
0:41 Loom
12:05 Feudal Age
12:31 Double-Bit Axe
18:40 Castle Age
17:51 Wheelbarrow
17:08 Horse Collar
17:59 Stone Mining
24:45 Forging
29:39 Bow Saw
30:50 Hand Cart
35:01 Imperial Age
32:46 Gold Mining
33:30 Husbandry
33:41 Bloodlines
34:13 Iron Casting
33:44 Scale Barding Armor
35:04 Elite Battle Elephant
36:02 Heavy Plow
37:35 Blast Furnace
37:57 Conscription
37:38 Tusk Swords
Macholdi
0:33 Loom
13:03 Feudal Age
14:16 Wheelbarrow
15:45 Double-Bit Axe
15:45 Fishing Lines
16:01 Gold Mining
19:02 Arson
18:39 Man-at-Arms
20:20 Horse Collar
27:10 Castle Age
25:24 Stone Mining
26:39 Gillnets
26:29 Long Swordsman
27:10 Squires
32:30 Hand Cart
33:32 Gold Shaft Mining
32:58 Heavy Plow
33:11 Bow Saw
33:43 Stone Shaft Mining
34:32 Forging
34:28 Scale Barding Armor
38:49 Imperial Age
38:02 Iron Casting
38:36 Conscription
39:50 Elite Karambit Warrior
prsdntsdghtr
0:26 Loom
10:45 Feudal Age
20:51 Castle Age
19:44 Double-Bit Axe
19:58 Stone Mining
20:55 Fletching
23:33 Wheelbarrow
23:40 Bodkin Arrow
25:13 Bow Saw
30:22 Gold Mining
30:49 Hand Cart
31:14 Scale Mail Armor
32:47 Gold Shaft Mining
37:09 Imperial Age
39:04 Conscription
39:30 Gold Shaft Mining
38:49 Elite Throwing Axeman
39:32 Town Watch
40:52 Chain Mail Armor
MMURIEL
1:06 Loom
12:49 Feudal Age
14:09 Wheelbarrow
13:21 Double-Bit Axe
13:50 Fishing Lines
17:47 Fletching
21:27 Castle Age
21:15 Stone Mining
24:45 Bow Saw
25:07 Bloodlines
25:48 Horse Collar
26:28 Hand Cart
28:26 Town Watch
30:29 Heavy Plow
30:21 Gold Mining
30:05 Man-at-Arms
31:16 Detinets
31:26 Long Swordsman
32:09 Squires
34:08 Fortified Wall
36:10 Husbandry
38:43 Imperial Age
36:58 Ballistics
37:40 Gold Shaft Mining
37:49 Caravan
38:10 Scale Barding Armor
39:50 Conscription
39:14 Onager
39:59 Capped Ram
40:27 Elite Boyar
Mapuche Mayer
4:38 Loom
Jota
0:27 Loom
11:39 Feudal Age
14:58 Town Watch
21:32 Forging
21:28 Scale Barding Armor
22:15 Stone Mining
24:53 Castle Age
32:55 Double-Bit Axe
36:13 Imperial Age
33:45 Gold Mining
36:01 Gold Shaft Mining
36:09 Stone Shaft Mining
35:51 Horse Collar
36:24 Bow Saw
revientamuros
0:35 Loom
XultrAslan58
Connection lost

Rejoining the realm…

Still unreachable

The connection could not be restored.

Session expired

The server has moved on; the page needs a fresh start.